 Dungeon Crawl Stone Soup version 0.22.1-1-ga44c0e5 (webtiles) character file.

24 Iscandelvey the Magician (level 2, 0/20 HPs)
             Began as a Demigod Wizard on Oct 5, 2018.
             Succumbed to a kobold's poison
             ... on level 1 of the Dungeon.
             The game lasted 00:02:24 (598 turns).

Iscandelvey the Magician (Demigod Wizard)            Turns: 598, Time: 00:02:24

Health: 0/20       AC:  2    Str: 10    XL:     2   Next: 60%
Magic:  6/8        EV: 12    Int: 22    God:
Gold:   5          SH:  0    Dex: 14    Spells: 2/7 levels left

rFire    + . .     SeeInvis .   g - +1 short sword (venom)
rCold    + . .     Gourm    .   (no shield)
rNeg     . . .     Faith    .   a - +0 robe
rPois    +         Spirit   .   b - +0 hat
rElec    +         Reflect  .   (no cloak)
rCorr    +         Harm     .   (no gloves)
MR       .....                  (no boots)
Stlth    ++........             (no amulet)
HPRegen  0.06/turn              (no ring)
MPRegen  0.11/turn              (no ring)

@: lethally poisoned (0 -> -17), resistant
A: high mp 1
a: no special abilities


You were on level 1 of the Dungeon.
You were not hungry.

You visited 1 branch of the dungeon, and saw 1 of its levels.

You collected 5 gold pieces.

Inventory:

Hand Weapons
 g - a +1 short sword of venom (weapon)
Missiles
 e - 25 stones (quivered)
Armour
 a - a +0 robe (worn)
 b - a +0 hat (worn)
Scrolls
 f - a scroll of amnesia {unknown}
Potions
 h - a potion of lignification {unknown}
 i - a potion of resistance
Comestibles
 c - 7 chunks of flesh
 d - 2 rations


   Skills:
 + Level 0.1 Short Blades
 + Level 2.1 Dodging
 + Level 1.9 Stealth
 * Level 3.1 Spellcasting
 * Level 1.1 Conjurations
 + Level 0.8 Summonings
 + Level 0.8 Translocations


You had 2 spell levels left.
You knew the following spells:

 Your Spells              Type           Power        Failure   Level  Hunger
a - Magic Dart            Conj           #...         8%          1    None
b - Blink                 Tloc           N/A          13%         2    ##.....
c - Call Imp              Summ           #.......     13%         2    ##.....

Your spell library contained the following spells:

 Spells                   Type           Power        Failure   Level  Hunger
 Slow                     Hex            #.......     19%         2    ##.....
 Conjure Flame            Conj/Fire      #.......     28%         3    ###....
 Mephitic Cloud           Conj/Pois/Air  #.......     30%         3    ###....


Dungeon Overview and Level Annotations

Branches:
Dungeon (1/15)


Innate Abilities, Weirdness & Mutations

You have an increased reservoir of magic. (+10% MP)


Message History

You feel sick. The kobold barely misses you.
You closely miss the kobold.
You feel sick.
The kobold hits you with a dagger of venom.
You are more poisoned.
You are too injured to fight recklessly!
Casting: Magic Dart (safe; 8% risk of failure)
Confirm with . or Enter, or press ? or * to list all spells.
You blink.
* * * LOW HITPOINT WARNING * * *
You feel sick.
Found 10 gold pieces.
* * * LOW HITPOINT WARNING * * *
You feel sick.
* * * LOW HITPOINT WARNING * * *
You feel sick.
* * * LOW HITPOINT WARNING * * *
You feel sick.
It was a potion of resistance.
You feel protected.
You die...

#...#.).#....#.......#
###.#.###......#######
....#........#.#
#########.#.##.####### #
####>...........+ #
#.....#####.##### #
#.....#####.# #
#.....+.....#########
######.....# #@.........
...........#####..........
#.######..................
#.# #.#######........$.
#.# ####.# #####.......##
#.###....####........####
#...........#........#
####รท########........#
####.....####K.......#


There were no monsters in sight!

Vanquished Creatures
  A dart slug (D:1)
  A leopard gecko (D:1)
  6 bats (D:1)
  2 giant cockroaches (D:1)
  2 goblins (D:1)
  2 hobgoblins (D:1)
  3 kobolds (D:1)
  A ball python (D:1)
  A frilled lizard (D:1)
  2 rats (D:1)
21 creatures vanquished.

Notes
Turn   | Place    | Note
-------+----------+-------------------------------------------
     0 | D:1      | Iscandelvey the Demigod Wizard began the quest for the Orb.
     0 | D:1      | Reached XP level 1. HP: 14/14 MP: 6/6
   110 | D:1      | Reached skill level 1 in Conjurations
   264 | D:1      | Reached skill level 3 in Spellcasting
   274 | D:1      | Reached XP level 2. HP: 20/20 MP: 8/8
   558 | D:1      | Learned a level 2 spell: Blink
   561 | D:1      | Learned a level 2 spell: Call Imp
   598 | D:1      | Succumbed to a kobold's poison

Skill      XL: |  1 |
---------------+----+-----
Conjurations   | 1 |  1.1
Spellcasting   | 3 |  3.1
Dodging        | 2 |  2.1
Short Blades   | |  0.1
Stealth        | |  1.9
Summonings     | |  0.8
Translocations | |  0.8

Action                   || total
-------------------------++-------
Melee: Short sword       ||    43
       Unarmed           ||     1
 Cast: Magic Dart        ||    10
       Blink             ||     1
  Use: Potion            ||     1
 Stab: Sleeping          ||     2
Armor: Robe              ||    16
Dodge: Dodged            ||    51
